 Dungeon Crawl Stone Soup version 0.29.1-1-gd02db6906a (webtiles) character file.

Game seed: 1084522545114420228

124 RascalDebosk the Magician (level 5, -4/39 HPs)
             Began as a Djinni Conjurer on Oct 17, 2022.
             Slain by a gnoll
             ... wielding a +0 spear
             ... led by a gnoll sergeant
              (6 damage)
             ... on level 4 of the Dungeon.
             The game lasted 00:12:04 (3355 turns).

RascalDebosk the Magician (Djinni Conjurer)         Turns: 3355, Time: 00:12:05

Health: -4/39      AC:  3    Str:  6    XL:     5   Next: 30%
Gold:   59         EV: 16    Int: 23    God:
                   SH:  0    Dex: 13

rFire   + + .      SeeInvis .   t - +2 rapier (speed)
rCold   x . .      Faith    .   (no shield)
rNeg    . . .      Spirit   .   a - +0 robe
rPois   ∞          Reflect  .   p - +0 helmet {Int+3}
rElec   .          Harm     .   (no cloak)
rCorr   .          Rampage  .   (no gloves)
Will    .....                   (boots unavailable)
Stlth   ++........              (no amulet)
HPRegen 0.13/turn               d - +4 ring of evasion
MPRegen 0.00/turn               (no ring)

@: flying, very slightly contaminated, studying Long Blades
A: sickness immunity, fire resistance 2, cold vulnerability 1, float, innate
caster, HP casting, extra vitality 1
a: no special abilities


You were on level 4 of the Dungeon.
You visited 1 branch of the dungeon, and saw 4 of its levels.

You collected 192 gold pieces.
You spent 133 gold pieces at shops.

Inventory:

Hand Weapons
 c - a +0 short sword
 s - a +2 short sword of flaming
 t - a +2 rapier of speed (weapon)
Armour
 a - a +0 robe (worn)
 p - a +0 helmet of intelligence (worn)
Magical Staves
 h - a staff of conjuration
Jewellery
 d - a +4 ring of evasion (left hand)
Wands
 x - a wand of digging (2)
Scrolls
 b - a scroll of poison {unknown}
 e - a scroll of butterflies {unknown}
 j - 3 scrolls of enchant weapon {unknown}
 k - a scroll of teleportation {unknown}
 l - 2 scrolls of noise {unknown}
 m - 3 scrolls of fear {unknown}
 r - a scroll of amnesia {unknown}
 u - 2 scrolls of magic mapping {unknown}
 w - a scroll of vulnerability {unknown}
Potions
 f - 4 potions of curing {unknown}
 g - 2 potions of resistance {unknown}
 i - 4 potions of heal wounds {unknown}
 n - 3 potions of degeneration {unknown}
 o - a potion of lignification {unknown}
 q - a potion of berserk rage {unknown}
 v - 2 potions of ambrosia {unknown}
 z - a potion of attraction {unknown}


   Skills:
 + Level 2.4 Fighting
 + Level 2.4 Armour
 - Level 2.1 Dodging
 - Level 1.5 Stealth
 + Level 3.9 Spellcasting


You couldn't memorise any spells.
You knew the following spells:

 Your Spells              Type           Power      Damage    Failure   Level
a - Magic Dart            Conj           88%        1d7       2%          1
b - Searing Ray           Conj           44%        2d6       3%          2
c - Dazzling Flash        Conj/Hex       44%        N/A       6%          3
d - Fulminant Prism       Conj/Hex       11%        3d9       22%         4
e - Iskenderun's Mystic   Conj/Tloc      22%        2d6       22%         4
f - Summon Small Mammal   Summ           88%        N/A       2%          1
g - Ensorcelled Hibernat  Hex/Ice        44%        N/A       3%          2
Your spell library was empty.

Dungeon Overview and Level Annotations

Branches:
Dungeon (4/15)
 Temple: D:4-7

Altars:
Makhleb
Zin

Shops:
D:1 (


Innate Abilities, Weirdness & Mutations

You are immune to sickness and miasma.
You are immune to poison.
Your flesh is very heat resistant. (rF++)
You are vulnerable to cold. (rC-)
You float through the air rather than walking.
You learn spells naturally, not from books.
Your magical power is your life essence.
You have superior vitality. (+4 MHP)


Message History

There is a stone staircase leading up here.
Found Great Wizards, Vol.
VII.
You see here Great Wizards, Vol.
VII.
Found a stone staircase leading down.
A giant cockroach comes into view.
Aiming: Magic Dart (safe; 2% risk of failure)
Press: ? - help, Q - select action, (/) - cycle Shift-Dir - straight line, f - giant cockroach
Aim: a giant cockroach (wandering, hasn't noticed you, 100% to hit)
You miscast Magic Dart.
You are very lightly contaminated with residual magic.
Nothing appears to happen.
Aiming: Magic Dart (safe; 2% risk of failure)
Press: ? - help, Q - select action, (/) - cycle Shift-Dir - straight line, f/p - giant cockroach
Aim: a giant cockroach (100% to hit)
The magic dart hits the giant cockroach.
The giant cockroach is severely wounded.
Aiming: Magic Dart (safe; 2% risk of failure)
Press: ? - help, Q - select action, (/) - cycle Shift-Dir - straight line, f/p - giant cockroach
Aim: a giant cockroach (severely wounded, 100% to hit)
The magic dart hits the giant cockroach.
You kill the giant cockroach!
Your magical contamination has completely faded away.
HP restored.
A gnoll sergeant and 2 gnolls come into view.
The gnoll sergeant shouts!
You hear a shout!
Aiming: Magic Dart (safe; 2% risk of failure)
Press: ? - help, Q - select action, (/) - cycle Shift-Dir - straight line, f - gnoll sergeant
Aim: a gnoll sergeant, wielding a +0 spear, wearing a +0 scale mail and wearing a +0 kite shield (100% to hit)
The magic dart hits the gnoll sergeant but does no damage.
The gnoll shouts!
You hear a shout! x2
A gnoll comes into view. It is wielding a +0 whip.
Aiming: Magic Dart (safe; 2% risk of failure)
Press: ? - help, Q - select action, (/) - cycle Shift-Dir - straight line, f - gnoll
Aim: a gnoll, wielding a +0 whip (100% to hit)
The magic dart hits the gnoll.
The gnoll is lightly wounded.
A gnoll comes into view. It is wielding a +0 spear.
Aiming: Magic Dart (safe; 2% risk of failure)
Press: ? - help, Q - select action, (/) - cycle Shift-Dir - straight line, f - gnoll
Aim: a gnoll, wielding a +0 spear (100% to hit)
You miscast Magic Dart.
You are very lightly contaminated with residual magic.
Nothing appears to happen.
Aiming: Magic Dart (safe; 2% risk of failure)
Press: ? - help, Q - select action, (/) - cycle Shift-Dir - straight line, f - gnoll
Aim: a gnoll, wielding a +0 whip (lightly wounded, 100% to hit)
The magic dart hits the gnoll.
The gnoll is heavily wounded.
Casting: Magic Dart (safe; 2% risk of failure)
Confirm with . or Enter, or press ? or * to list all spells.
Aiming: Searing Ray (safe; 3% risk of failure)
Press: ? - help, Shift-Dir - straight line, f - gnoll, p - gnoll
Aim: a gnoll, wielding a +0 whip (81% to hit)
The searing ray hits the gnoll.
The gnoll is almost dead.
The searing ray hits the gnoll.
The gnoll is moderately wounded.
The searing ray hits the gnoll!
The gnoll is severely wounded.
The searing ray hits the gnoll.
The gnoll is moderately wounded. (Press . to maintain the ray.)
The gnoll hits you with a +0 whip!
The searing ray hits the gnoll!
You kill the gnoll!
The searing ray hits the gnoll sergeant.
The gnoll sergeant is lightly wounded.
The searing ray hits the gnoll.
The gnoll is severely wounded.
An orc comes into view. It is wielding a +0 trident.
You have reached level 5!
The power to cast Ensorcelled Hibernation wells up from within.
Spell assigned to 'g'.
The searing ray hits the gnoll.
You kill the gnoll!
An orc comes into view. It is wielding a +0 short sword.
The gnoll sergeant hits you from afar with a +0 spear.
* * * LOW HITPOINT WARNING * * *
The searing ray hits the gnoll.
You kill the gnoll!
* * * LOW HITPOINT WARNING * * *
You finish channelling your searing ray.
The gnoll sergeant hits you from afar with a +0 spear!
* * * LOW HITPOINT WARNING * * *
Casting: Searing Ray (safe; 3% risk of failure)
Confirm with . or Enter, or press ? or * to list all spells.
Aiming: Searing Ray (safe; 3% risk of failure)
Press: ? - help, Shift-Dir - straight line, f - orc
Aim: an orc, wielding a +0 trident and wearing a +0 leather armour (78% to hit)
The searing ray hits the gnoll.
The gnoll is heavily wounded.
The searing ray hits the gnoll sergeant.
The gnoll sergeant is lightly wounded.
The searing ray hits the orc!
You kill the orc! (Press . to maintain the ray.)
* * * LOW HITPOINT WARNING * * *
The gnoll hits you with a +0 spear.
You die...

...# ..# ..#
..# #######.# #
.....)#.##.####
....)gg........
#@#.# #.#..
#.#.# #.#.#
#.#.# ########
#.#.# .......#
#.#.# ######.#
#>..# #.###
#######.#


You could see a gnoll sergeant and a gnoll.

Vanquished Creatures
  3 gnolls (D:4)
  3 adders
  A dart slug (D:2)
  A worm (D:2)
  2 orcs
  7 ball pythons
  9 bats
  10 endoplasms
  7 giant cockroaches
  6 goblins
  3 hobgoblins
  2 quokkas
  A frilled lizard (D:1)
  2 kobolds
  2 rats
59 creatures vanquished.

Notes
Turn   | Place    | Note
-------+----------+-------------------------------------------
     0 | D:1      | RascalDebosk the Djinni Conjurer began the quest for the
                  | Orb.
     0 | D:1      | RascalDebosk set off with the following spells memorised:
                  | Magic Dart, Searing Ray, Dazzling Flash, Fulminant Prism,
                  | Iskenderun's Mystic Blast.
     0 | D:1      | Reached XP level 1. HP: 15/15 MP: 0/0
   348 | D:1      | Reached XP level 2. HP: 15/22 MP: 0/0
   533 | D:1      | Reached skill level 1 in Fighting
   610 | D:1      | Found Ofethrex's Antique Weapon Emporium.
   720 | D:1      | Reached skill level 1 in Armour
   836 | D:1      | Reached XP level 3. HP: 26/27 MP: 0/0
   836 | D:1      | Learned a level 1 spell: Summon Small Mammal
  1745 | D:2      | Found a faded altar of an unknown god.
  1808 | D:2      | Reached XP level 4. HP: 29/33 MP: 0/0
  2370 | D:1      | Bought a glowing rapier for 133 gold pieces
  2571 | D:3      | Found a glowing silver altar of Zin.
  2822 | D:3      | Found a burning altar of Makhleb.
  3346 | D:4      | Noticed a gnoll sergeant
  3353 | D:4      | Reached XP level 5. HP: 21/38 MP: 0/0
  3353 | D:4      | Learned a level 2 spell: Ensorcelled Hibernation
  3355 | D:4      | Slain by a gnoll

Illustrated notes

Levels and vault maps discovered:
D:1:      scummos_arrival_forest, layout_basic, serial_shops,
          nicolae_shop_trees, minmay_tripent
D:2:      layout_basic, basic_ecumenical_altar
D:3:      layout_basic, zin_academy, mainiacjoe_overflow_tiny_flanked,
          overflow_temple_1_default
D:4:      layout_basic, nicolae_uskayaw_dance_hall,
          nicolae_gozag_cash_rules_everything_around_me

Skill      XL: |  1  2  3  4 |
---------------+-------------+-----
Fighting       | 1 2 |  2.4
Armour         | 1 2 |  2.4
Dodging        | |  2.1
Stealth        | |  1.5
Spellcasting   | |  3.9

Action                   |  1- 3 |  4- 6 || total
-------------------------+-------+-------++-------
Melee: Rapier            |       |     9 ||     9
 Cast: Magic Dart        |    75 |    43 ||   118
       Searing Ray       |       |     2 ||     2
Armor: Robe              |     2 |     1 ||     3
Dodge: Dodged            |     8 |    12 ||    20
